 Dungeon Crawl Stone Soup version 0.21.1-1-g345015f (webtiles) character file.

10190 Supreme the Geomancer (level 11, -7/60 HPs)
             Began as a Gargoyle Earth Elementalist on Apr 12, 2018.
             Was a Believer of Vehumet.
             Killed from afar by an ice dragon (42 damage)
             ... with a blast of cold
             ... in an ice cave.
             The game lasted 01:49:27 (8145 turns).

Supreme the Geomancer (Gargoyle Earth Elementalist) Turns: 8145, Time: 01:49:28

Health: -7/60      AC: 14    Str: 14    XL:     11   Next: 58%
Magic:  25/25      EV: 17    Int: 20    God:    Vehumet [**....]
Gold:   644        SH:  3    Dex: 10    Spells: 14/31 levels left

rFire    + . .     SeeInvis .   U - +0 rapier "Imp's Nightmare" {pain, +Inv Str+3} (curse)
rCold    . . .     Gourm    .   S - +0 buckler
rNeg     + . .     Faith    .   Y - +0 steam dragon scales
rPois    ∞         Spirit   .   D - +0 helmet
rElec    +         Reflect  .   (no cloak)
rCorr    .         Harm     .   (no gloves)
MR       .....                  (no boots)
Stlth    ++........             K - amulet of magic regeneration
HPRegen  0.20/turn              g - +5 ring of evasion
MPRegen  0.44/turn              Q - ring of protection from fire

@: very slightly contaminated, invisible
A: negative energy resistance 1, electricity resistance, unbreathing,
petrification resistance, rot immunity, AC +8
a: Renounce Religion


You were in an ice cave.
You worshipped Vehumet.
Vehumet was pleased with you.
You were not hungry.

You visited 3 branches of the dungeon, and saw 12 of its levels.
You also visited: Sewer and Ice Cave.

You collected 689 gold pieces.
You spent 45 gold pieces at shops.

Inventory:

Hand Weapons
 N - a cursed -1 shortbow
 U - the cursed +0 rapier "Imp's Nightmare" (weapon) {pain, +Inv Str+3}
   (You found it on level 8 of the Dungeon)

   In the hands of one skilled in necromantic magic, it inflicts extra damage on
   living creatures.
   It affects your strength (+3).
   It lets you turn invisible.
   It has a curse placed upon it.
Missiles
 b - 123 stones (quivered)
 o - 2 tomahawks of dispersal
 u - 107 arrows
Armour
 D - a +0 helmet (worn)
 L - the +0 scale mail of Myaz {rC+++ Int-2 Dex-5 Stlth+}
   (You found it on level 4 of the Dungeon)

   It affects your intelligence (-2).
   It affects your dexterity (-5).
   It renders you almost immune to cold.
   It makes you more stealthy.
 S - a +0 buckler (worn)
 W - a +0 troll leather armour
 Y - +0 steam dragon scales (worn)
Jewellery
 g - a +5 ring of evasion (left hand)
 i - a cursed -2 ring of intelligence {unknown}
 m - the amulet of Gamih {Harm *Drain *Slow rPois Stlth+, unknown}
   (You found it in an ice cave)

   [amulet of harm]

   It increases damage dealt and taken.
   It protects you from poison.
   It causes draining when unequipped.
   It may slow you when you take damage.
   It makes you more stealthy.
 y - an uncursed ring of fire
 K - an amulet of magic regeneration (around neck)
 Q - a ring of protection from fire (right hand)
Wands
 a - a wand of iceblast (5)
 B - a wand of digging (16)
 R - a wand of disintegration (10)
 T - a wand of enslavement (12)
Scrolls
 f - a scroll of silence
 p - a scroll of enchant weapon {unknown}
 q - 4 scrolls of teleportation
 r - a scroll of blinking
 s - 3 scrolls of immolation
 t - 2 scrolls of amnesia {unknown}
 v - a scroll of vulnerability {unknown}
 z - a scroll of holy word {unknown}
 A - a scroll of brand weapon {unknown}
 H - 4 scrolls of fear {unknown}
 Z - a scroll of magic mapping {unknown}
Potions
 c - 2 potions of mutation
 h - 2 potions of haste
 j - a potion of cancellation
 k - 4 potions of agility
 l - 2 potions of curing
 w - 4 potions of magic
 E - a potion of might
 M - 3 potions of lignification
 O - a potion of invisibility
Books
 e - a book of Frost

   Spells                             Type                      Level
   a - Freeze                         Ice                          1
   b - Throw Frost                    Conjuration/Ice              2
   c - Ozocubu's Armour               Charms/Ice                   3
   d - Throw Icicle                   Conjuration/Ice              4
   e - Summon Ice Beast               Ice/Summoning                4
 V - a book of Cantrips

   Spells                             Type                      Level
   a - Confusing Touch                Hexes                        1
   b - Animate Skeleton               Necromancy                   1
   c - Summon Small Mammal            Summoning                    1
   d - Apportation                    Translocation                1
Comestibles
 d - 14 rations


   Skills:
 + Level 3.4 Fighting
 + Level 2.6 Short Blades
 + Level 2.3 Armour
 + Level 3.3 Dodging
 + Level 3.2 Stealth
 + Level 1.1 Shields
 + Level 10.6 Spellcasting
 + Level 3.8 Conjurations
 + Level 1.4 Charms
 - Level 1.0 Transmutations
 + Level 1.6 Ice Magic
 + Level 13.2 Earth Magic


You had 14 spell levels left.
You knew the following spells:

 Your Spells              Type           Power        Failure   Level  Hunger
a - Sandblast             Erth           ######       1%          1    None
b - Passwall              Tmut/Erth      #####.....   1%          2    None
c - Stone Arrow           Conj/Erth      #####.       1%          3    None
d - Lee's Rapid Deconstr  Erth           ######....   1%          5    ####...
e - Sticks to Snakes      Tmut           ##......     10%         2    None
f - Ozocubu's Armour      Chrm/Ice       ###.....     16%         3    None
g - Animate Skeleton      Necr           N/A          10%         1    None


Dungeon Overview and Level Annotations

Branches:
Dungeon (10/15)            Temple (1/1) D:6            Lair (1/6) D:9
    Orc: D:9-12

Altars:
Ashenzari
Cheibriados
Elyvilon
Fedhas
Gozag
Hepliaklqana
Nemelex Xobeh
Ru
Vehumet
Yredelemnul
The Shining One

Shops:
D:6 =

Annotations:
D:9 exclusion: 2 downstairs
D:10 Erolcha


Innate Abilities, Weirdness & Mutations

You are resistant to torment.
Your stone body is resilient. (AC +8)
You are immune to poison.
You resist negative energy. (rN+)
You are resistant to electric shocks. (rElec)
You can survive without breathing.
You are immune to petrification.
You are immune to rotting.


Message History

Quiver which item? (- for none, * to show all) (? for menu, Esc to quit)
Okay, then.
You fade into invisibility!
You are very lightly contaminated with residual magic.
An ice dragon comes into view.
Found four items.
The ice dragon roars deafeningly!
Found 58 gold pieces, a bound bone amulet and a marble ring.
Found 93 gold pieces and a blackened moonstone ring.
Found 80 gold pieces.
You see here a blackened bronze ring.
i - a blackened bronze ring The ice dragon misses you. x2
The ice dragon tramples you but does no damage.
You see here a bound bone amulet.
m - a bound bone amulet The ice dragon breathes frost at you.
The blast of cold hits you!
Ouch! That really hurt!
You die...

### ##≈# ###
######≈≈# ##.###
##.#..≈≈≈ ##.#..#
#==$.#≈≈≈ #...#..
##.@=#≈≈≈≈####.#####
#..D=##≈≈≈....##...#
##...=$#≈≈≈#..##..#..
#.....$#≈≈≈##.#..##.#
#.....$#≈≈≈ #...####.
##....$$#≈≈≈ ##.## ##
#....$$$#≈≈# #.#.# #.
#..#$$$$#≈≈ #..## #.
#.##$$$$#≈≈ #.## #.


You could see an ice dragon.

Vanquished Creatures
  A hydra (Lair:1)
  2 two-headed ogres
  The ghost of iamserjio the Sneak, a novice OpFi of Makhleb (D:6)
  2 ice statues (IceCv)
  2 rime drakes (IceCv)
  A komodo dragon (Lair:1)
  2 trolls
  2 hippogriffs
  8 yaks (D:9)
  A steam dragon (D:9)
  A water moccasin (Lair:1)
  A sky beast (D:8)
  An orc warrior (D:9)
  18 ice beasts
  2 ogres
  2 crocodiles
  A centaur (D:9)
  A big kobold (D:8)
  Blork the orc (D:4)
  6 bullfrogs
  A gnoll sergeant (D:8)
  A water moccasin skeleton (D:8)
  A wyvern skeleton (D:9)
  4 scorpions
  2 howler monkeys
  2 crimson imps
  A quasit (D:8)
  2 hounds
  An orc priest (D:6)
  5 orc wizards
  2 bullfrog skeletons
  A centaur skeleton (D:5)
  Terence (D:3)
  2 iguanas
  4 worker ants
  7 gnolls
  10 adders
  2 river rats (D:6)
  3 shadow imps
  3 oozes
  2 adder zombies
  An adder skeleton (D:8)
  3 worms
  4 dart slugs
  8 leopard geckos
  16 orcs
  9 ball pythons
  6 bats
  10 giant cockroaches
  3 hobgoblins
  13 jackals
  A quokka (D:4)
  9 frilled lizards
  5 goblins
  14 kobolds
  6 rats
221 creatures vanquished.

Vanquished Creatures (collateral kills)
  4 ice beasts (Lair:1)
  A bullfrog (Lair:1)
  4 oozes (Sewer)
  3 leopard geckos (Sewer)
  An orc (D:8)
  4 ball pythons (Sewer)
  5 frilled lizards (Sewer)
22 creatures vanquished.

Grand Total: 243 creatures vanquished

Notes
Turn   | Place    | Note
-------+----------+-------------------------------------------
     0 | D:1      | Supreme the Gargoyle Earth Elementalist began the quest for the Orb.
     0 | D:1      | Reached XP level 1. HP: 10/10 MP: 3/3
    53 | D:1      | Reached skill level 4 in Earth Magic
    83 | D:1      | Reached XP level 2. HP: 15/15 MP: 3/5
    87 | D:1      | Learned a level 2 spell: Passwall
   731 | D:1      | Reached XP level 3. HP: 19/19 MP: 2/6
  1145 | D:2      | Reached XP level 4. HP: 24/24 MP: 3/8
  1155 | D:2      | Learned a level 3 spell: Stone Arrow
  1220 | D:2      | Reached skill level 5 in Earth Magic
  1225 | D:3      | Noticed Terence
  1983 | D:3      | Killed Terence
  1983 | D:3      | Reached XP level 5. HP: 18/28 MP: 0/9
  2045 | D:5      | Entered Level 5 of the Dungeon
  2178 | D:3      | Reached skill level 1 in Fighting
  2178 | D:3      | Reached XP level 6. HP: 33/34 MP: 3/11
  2705 | D:4      | Noticed Blork the orc
  2729 | D:4      | Found a sacrificial altar of Ru.
  2748 | D:4      | Killed Blork the orc
  2748 | D:4      | Reached skill level 1 in Short Blades
  2748 | D:4      | Reached skill level 1 in Conjurations
  2748 | D:4      | Reached skill level 6 in Earth Magic
  2771 | D:4      | Found a sparkling altar of Nemelex Xobeh.
  2961 | D:4      | Got a spiked scale mail
  3116 | D:4      | Found a snail-covered altar of Cheibriados.
  3116 | D:4      | Found an opulent altar of Gozag.
  3120 | D:4      | Found a blossoming altar of Fedhas.
  3122 | D:4      | Found a white marble altar of Elyvilon.
  3124 | D:4      | Found a shattered altar of Ashenzari.
  3217 | D:5      | Reached XP level 7. HP: 34/38 MP: 3/13
  3224 | D:5      | Learned a level 5 spell: Lee's Rapid Deconstruction
  3564 | D:6      | Reached skill level 7 in Earth Magic
  3565 | D:6      | Reached skill level 5 in Spellcasting
  3705 | D:6      | Found a glowing drain.
  3710 | Sewer    | Entered a sewer
  3723 | Sewer    | Learned a level 2 spell: Sticks to Snakes
  3937 | Sewer    | Reached skill level 1 in Transmutations
  4027 | Sewer    | Reached XP level 8. HP: 39/44 MP: 0/16
  4099 | D:6      | Identified the cursed +0 scale mail of Myaz {rC+++ Int-2 Dex-5 Stlth+} (You found it on level 4 of the Dungeon)
  4170 | D:6      | Noticed iamserjio's ghost (novice OpFi)
  4322 | D:5      | Reached skill level 8 in Earth Magic
  4747 | D:6      | Killed iamserjio's ghost
  4747 | D:6      | Reached skill level 9 in Earth Magic
  4747 | D:6      | Reached XP level 9. HP: 46/50 MP: 11/19
  4817 | D:6      | Found Sajacoth's Jewellery Boutique.
  4823 | D:6      | Bought a cursed ring of loudness for 45 gold pieces
  4873 | D:6      | Found a staircase to the Ecumenical Temple.
  4884 | Temple   | Entered the Ecumenical Temple
  4891 | Temple   | Became a worshipper of Vehumet
  6139 | D:8      | Got a slimy rapier
  6140 | D:8      | Identified the cursed +0 rapier "Imp's Nightmare" {pain, +Inv Str+3} (You found it on level 8 of the Dungeon)
  6218 | D:8      | Reached skill level 1 in Armour
  6301 | D:10     | Entered Level 10 of the Dungeon
  6301 | D:10     | Noticed a troll
  6304 | D:10     | Killed a troll
  6304 | D:10     | Reached skill level 10 in Earth Magic
  6324 | D:10     | Noticed a two-headed ogre
  6333 | D:10     | Killed a two-headed ogre
  6395 | D:9      | Found a hazy altar of Hepliaklqana.
  6472 | D:9      | Reached * piety under Vehumet
  6472 | D:9      | Offered knowledge of Shock by Vehumet.
  6472 | D:9      | Reached skill level 11 in Earth Magic
  6479 | D:9      | Reached XP level 10. HP: 41/56 MP: 2/22
  6611 | D:10     | Noticed Erolcha
  6621 | D:9      | Found a staircase to the Lair.
  6719 | D:9      | Learned a level 3 spell: Ozocubu's Armour
  6843 | D:8      | Learned a level 1 spell: Animate Skeleton
  6863 | D:8      | Reached skill level 12 in Earth Magic
  7109 | D:8      | Noticed a two-headed ogre
  7118 | D:8      | Killed a two-headed ogre
  7502 | Lair:1   | Entered Level 1 of the Lair of Beasts
  7502 | Lair:1   | Noticed a seven-headed hydra
  7533 | Lair:1   | Killed a seven-headed hydra
  7533 | Lair:1   | Reached XP level 11. HP: 33/60 MP: 12/24
  7610 | Lair:1   | Reached ** piety under Vehumet
  7610 | Lair:1   | Offered knowledge of Searing Ray by Vehumet.
  7611 | Lair:1   | Reached skill level 1 in Ice Magic
  7615 | Lair:1   | Reached skill level 1 in Charms
  7647 | Lair:1   | Found a frozen archway.
  7657 | Lair:1   | Reached skill level 10 in Spellcasting
  7670 | Lair:1   | Reached skill level 1 in Shields
  7710 | IceCv    | Entered an ice cave
  7982 | IceCv    | Reached skill level 13 in Earth Magic
  8059 | IceCv    | Offered knowledge of Ignite Poison by Vehumet.
  8130 | IceCv    | Noticed an ice dragon
  8135 | IceCv    | Noticed an ice dragon
  8145 | IceCv    | Got a bound bone amulet
  8145 | IceCv    | Killed from afar by an ice dragon

Skill      XL: |  1  2  3  4  5  6  7  8  9 10 11 |
---------------+----------------------------------+-----
Earth Magic    | 4 5 6 7 9 11 12 13 | 13.2
Dodging        | 2 3 |  3.3
Spellcasting   | 3 4 5 6 8 9 10 | 10.6
Fighting       | 1 2 3 |  3.4
Short Blades   | 1 2 |  2.6
Conjurations   | 1 2 3 |  3.8
Transmutations | 1 |  1.0
Armour         | 2 |  2.3
Stealth        | 3 |  3.2
Ice Magic      | 1 |  1.6
Charms         | 1 |  1.4
Shields        | 1 |  1.1

Action                   |  1- 3 |  4- 6 |  7- 9 | 10-12 || total
-------------------------+-------+-------+-------+-------++-------
Melee: Mace              |    37 |    12 |       |       ||    49
       Short sword       |       |    45 |   132 |       ||   177
       Rapier            |       |       |    12 |    26 ||    38
       Staff             |       |       |     4 |       ||     4
 Cast: Sandblast         |    29 |    23 |    78 |    36 ||   166
       Stone Arrow       |       |    15 |    11 |    48 ||    74
       Sticks to Snakes  |       |       |    19 |     6 ||    25
       Passwall          |       |       |     9 |     3 ||    12
       Lee's Rapid Decon |       |       |     8 |    29 ||    37
       Ozocubu's Armour  |       |       |       |     6 ||     6
       Animate Skeleton  |       |       |       |     2 ||     2
Evoke: Wand              |       |       |     1 |       ||     1
  Use: Scroll            |       |       |    14 |     3 ||    17
       Potion            |       |       |       |     1 ||     1
 Stab: Sleeping          |     2 |     3 |     2 |     1 ||     8
  Eat: Chunk             |     1 |     8 |    13 |     6 ||    28
       Ration            |       |       |       |     2 ||     2
Armor: Robe              |    17 |    19 |    51 |       ||    87
       Scale mail        |       |       |    15 |       ||    15
       Troll leather arm |       |       |     5 |     4 ||     9
       Leather armour    |       |       |     4 |       ||     4
       Steam dragon scal |       |       |       |    35 ||    35
Dodge: Dodged            |    54 |    74 |   202 |    63 ||   393
Block: Buckler           |       |       |     1 |     9 ||    10
